 Dungeon Crawl Stone Soup version 0.16.2-2-g470672f (webtiles) character file.

1473 poirepourri the Shield-Bearer (level 9, -6/66 (68) HPs)
             Began as a Formicid Fighter on Aug 28, 2015.
             Mangled by an orc warrior
             ... wielding a +0 dire flail
              (8 damage)
             ... on level 7 of the Dungeon.
             The game lasted 00:12:40 (6183 turns).

poirepourri the Shield-Bearer (Formicid Fighter)    Turns: 6183, Time: 00:12:41

HP:   -6/66 (68)    AC:  8    Str: 23 (24) XL:     9   Next: 6%
MP:   12/12         EV: 12    Int:  8      God:
Gold: 479           SH: 11    Dex: 10      Spells: 0 memorised, 8 levels left

rFire  . . .     SeeInvis +     a - +1 war axe
rCold  . . .     Clarity  .     o - +0 ring mail (curse)
rNeg   . . .     SustAb   .     c - +0 shield
rPois  .         Gourm    +     (helmet unavailable)
rElec  .         Spirit   .     (no cloak)
rCorr  .         Warding  .     (no gloves)
rMut   .         Stasis   +     p - +1 pair of boots
MR     .....                    f - amulet of the gourmand
Stlth  ..........               (no ring)
                                l - ring of flight

@: lethally poisoned (-6 -> -12), not resistant to hostile enchantments,
extremely unstealthy
A: permanent stasis, dig shafts and tunnels, four strong arms, antennae 3
a: Dig, Shaft Self, Evoke Flight


You were on level 7 of the Dungeon.
You were not hungry.

You visited 1 branch of the dungeon, and saw 7 of its levels.

You collected 479 gold pieces.

Inventory:

Hand weapons
 a - a +1 war axe (weapon)
Armour
 b - a +0 scale mail
 c - a +0 shield (worn)
 i - a +0 plate armour of fire resistance
 o - a cursed +0 ring mail (worn)
 p - a +1 pair of boots (worn)
Jewellery
 f - an amulet of the gourmand (around neck)
 j - a cursed ring of loudness
 l - a ring of flight (left hand)
Magical devices
 g - a wand of random effects (24)
Scrolls
 e - 3 scrolls of recharging
 n - 3 scrolls of identify
 x - a scroll of amnesia
Potions
 m - a potion of brilliance
 t - a potion of poison
Books
 q - a book of Necromancy

   Spells                             Type                      Level
   a - Pain                           Necromancy                   1
   b - Animate Skeleton               Necromancy                   1
   c - Vampiric Draining              Necromancy                   3
   d - Regeneration                   Charms/Necromancy            3
   e - Animate Dead                   Necromancy                   4
   f - Control Undead                 Necromancy                   4
 s - a book of Death

   Spells                             Type                      Level
   a - Corpse Rot                     Necromancy                   2
   b - Sublimation of Blood           Necromancy                   2
   c - Agony                          Necromancy                   5
   d - Dispel Undead                  Necromancy                   5
   e - Excruciating Wounds            Charms/Necromancy            5
   f - Bolt of Draining               Conjuration/Necromancy       5
 u - a book of Unlife

   Spells                             Type                      Level
   a - Recall                         Summoning/Translocation      3
   b - Animate Dead                   Necromancy                   4
   c - Control Undead                 Necromancy                   4
   d - Cigotuvi's Embrace             Necromancy                   5
   e - Death Channel                  Necromancy                   6
   f - Simulacrum                     Ice/Necromancy               6
Comestibles
 d - 4 bread rations
 h - 4 fruits
 k - a meat ration


   Skills:
 + Level 5.2 Fighting
 + Level 5.0 Axes
 + Level 5.5 Armour
 + Level 4.5 Dodging
 + Level 7.7 Shields


You had 8 spell levels left.
You didn't know any spells.

Dungeon Overview and Level Annotations

Branches:
Dungeon (7/15)             Temple (0/1) D:7

Altars:
Elyvilon
Gozag
Makhleb
Trog
Vehumet
Zin
The Shining One


Innate Abilities, Weirdness & Mutations

You are under a permanent stasis effect.
You can dig through walls and to a lower floor.
Your four strong arms can wield two-handed weapons with a shield.
You have a pair of large antennae on your head (SInv).


Message History

Use which ability? (? or * to list) Are you sure you want to shaft yourself?
There is a lethal amount of poison in your body!
There is a lethal amount of poison in your body!
There is a lethal amount of poison in your body!
Unknown command.
Drink which item? (? for menu, Esc to quit)
It was a potion of magic.
Magic courses through your body.
* * * LOW HITPOINT WARNING * * *
You feel sick. You block the orc warrior's attack.
The orc priest invokes the aid of Beogh against you.
You resist with significant effort.
You don't know any spells.
Use which ability? (? or * to list) Are you sure you want to shaft yourself?
You feel quite a bit more hungry.
* * * LOW HITPOINT WARNING * * *
You feel sick.
The orc warrior hits you with a dire flail!
You die...

#... # ....... .## .⌠..>..⌠
..# ...... #.# #...# #.# ##
#.⌠. #.# ##..# #...## #.#
##.....#.##.###.# .
...$.....o@)....## ...
.........##o#....#####..##.
........+......#†.........
.......>##....###)###.##..
.......######..#.## .....#
###.## ...# ### #.# +# ..#
#.# #.# #.#


You could see an orc warrior and an orc priest.

Vanquished Creatures
  A sky beast (D:5)
  A black bear (D:6)
  A phantom (D:5)
  2 ogres
  A centaur (D:6)
  Sigmund (D:2)
  A necrophage (D:7)
  A scorpion (D:5)
  3 crimson imps
  5 hounds
  An orc wizard (D:7)
  2 iguanas
  3 worker ants
  Ijyb (D:2)
  A hound skeleton (D:6)
  2 gnolls (D:4)
  3 adders
  A shadow imp (D:6)
  3 giant mites
  4 worms
  5 adder skeletons
  2 adder zombies
  8 giant geckos
  An ooze (D:3)
  2 orcs
  2 ball pythons
  18 bats
  8 giant cockroaches
  34 goblins
  32 hobgoblins
  12 kobolds
  A quokka (D:2)
  A giant gecko zombie (D:6)
  6 giant newts
  8 jackals
  A jackal skeleton (D:5)
  A quokka skeleton (D:5)
  2 quokka zombies (D:6)
  14 rats
196 creatures vanquished.

Notes
Turn   | Place    | Note
--------------------------------------------------------------
     0 | D:1      | poirepourri, the Formicid Fighter, began the quest for the Orb.
     0 | D:1      | Reached XP level 1. HP: 18/18 MP: 1/1
   109 | D:1      | Reached XP level 2. HP: 20/24 MP: 3/3
   472 | D:1      | Reached XP level 3. HP: 26/29 MP: 4/4
  1115 | D:2      | Reached skill level 4 in Shields
  1122 | D:2      | Reached skill level 1 in Dodging
  1147 | D:2      | Reached XP level 4. HP: 23/36 MP: 5/5
  1153 | D:2      | Noticed Ijyb
  1170 | D:2      | Killed Ijyb
  1769 | D:2      | Noticed Sigmund
  1779 | D:2      | Reached XP level 5. HP: 30/42 MP: 7/7
  1782 | D:2      | Killed Sigmund
  2065 | D:3      | Reached skill level 5 in Shields
  2065 | D:3      | Reached XP level 6. HP: 48/48 MP: 8/8
  2972 | D:4      | Reached XP level 7. HP: 24/54 MP: 9/9
  4021 | D:4      | You fall through a shaft!
  4021 | D:5      | Entered Level 5 of the Dungeon
  4072 | D:5      | Reached skill level 6 in Shields
  4116 | D:5      | Found a burning altar of Makhleb.
  4169 | D:5      | Found a bloodstained altar of Trog.
  4301 | D:5      | Reached XP level 8. HP: 53/61 MP: 11/11
  5077 | D:6      | Found a radiant altar of Vehumet.
  5110 | D:6      | Reached skill level 5 in Armour
  5128 | D:6      | Found an opulent altar of Gozag.
  5243 | D:6      | Reached skill level 7 in Shields
  5800 | D:6      | Found a white marble altar of Elyvilon.
  5800 | D:6      | Found a glowing silver altar of Zin.
  5801 | D:6      | Found a glowing golden altar of the Shining One.
  5903 | D:6      | Reached skill level 5 in Fighting
  6144 | D:7      | Reached XP level 9. HP: 62/68 MP: 12/12
  6162 | D:7      | Found a staircase to the Ecumenical Temple.
  6181 | D:7      | Reached skill level 5 in Axes
  6181 | D:7      | HP: 3/66 [poison (a potion of poison)]
  6183 | D:7      | Mangled by an orc warrior

Action                   |  1- 3 |  4- 6 |  7- 9 || total
-------------------------+-------+-------+-------++-------
Melee: War axe           |   131 |   196 |   326 ||   653
 Abil: Shaft Self        |       |       |     1 ||     1
  Use: Potion            |     1 |     6 |     5 ||    12
       Scroll            |       |     8 |     1 ||     9
  Eat: Meat ration       |     1 |     1 |       ||     2
       Bread ration      |       |       |     2 ||     2
